 Dungeon Crawl Stone Soup version 0.26-a0-670-g578ab304f5 (webtiles) character file.

Game seed: 8853597844001965510

1102 PentaManta the Chopper (level 8, -1/64 HPs)
             Began as a Formicid Abyssal Knight on Oct 18, 2020.
             Was a Priest of Lugonu.
             Slain by an ogre
             ... wielding a +0 giant club
              (7 damage)
             ... on level 4 of the Dungeon.
             The game lasted 00:12:06 (6705 turns).

PentaManta the Chopper (Formicid Abyssal Knight)    Turns: 6705, Time: 00:12:07

Health: -1/64      AC:  8    Str: 19    XL:     8   Next: 58%
Magic:  9/9        EV: 10    Int: 12    God:    Lugonu [***...]
Gold:   308        SH:  0    Dex: 10    Spells: 7/7 levels left

rFire    . . .     SeeInvis +   h - +4 dire flail (venom)
rCold    . . .     Faith    .   (no shield)
rNeg     . . .     Spirit   .   l - +0 scale mail
rPois    .         Reflect  .   (helmet unavailable)
rElec    .         Harm     .   (no cloak)
rCorr    .         Rampage  .   p - +0 pair of gloves
MR       .....                  (no boots)
Stlth    ..........             m - amulet of the acrobat
HPRegen  0.20/turn              (no ring)
MPRegen  0.11/turn              (no ring)

@: no status effects
A: permanent stasis, dig shafts and tunnels, four strong arms, antennae 3
a: Dig, Shaft Self, Depart the Abyss, Bend Space, Banish, Renounce Religion


You were on level 4 of the Dungeon.
You worshipped Lugonu.
Lugonu was most pleased with you.
You visited 2 branches of the dungeon, and saw 6 of its levels.
You visited the Abyss 1 time.
You also visited: Sewer.

You collected 308 gold pieces.

Inventory:

Hand Weapons
 a - a +1 hand axe
 e - a +0 short sword of holy wrath
 h - a +4 dire flail of venom (weapon)
 j - a +0 dagger of venom
 n - a +0 hunting sling
 u - a +0 whip
 v - a +0 dagger of pain
Missiles
 g - 5 silver javelins (quivered)
 q - 14 sling bullets
 r - 59 stones
 t - 8 poisoned darts
Armour
 l - a +0 scale mail (worn)
 p - a +0 pair of gloves (worn)
 y - a +0 plate armour
Jewellery
 m - an amulet of the acrobat (around neck)
 x - a +6 ring of strength {unknown}
Scrolls
 b - a scroll of magic mapping {unknown}
 c - 2 scrolls of blinking {unknown}
 d - 2 scrolls of identify {unknown}
 k - a scroll of remove curse
 s - 2 scrolls of fog
Potions
 f - 2 potions of haste
 i - 2 potions of heal wounds
 o - a potion of lignification {unknown}
 w - a potion of stabbing {unknown}
 z - a potion of magic {unknown}


   Skills:
 + Level 6.0 Fighting
 - Level 6.5(6.6) Axes
 * Level 2.0(4.5) Maces & Flails
 + Level 5.5 Armour
 + Level 1.6 Dodging
 - Level 2.1 Invocations


You had 7 spell levels left.
You didn't know any spells.
Your spell library contained the following spells:

 Spells                   Type           Power        Failure   Level
 Magic Dart               Conj           #...         67%         1
 Call Imp                 Summ           #.......     80%         2
 Slow                     Hex            #.......     80%         2
 Conjure Flame            Conj/Fire      #.......     95%         3
 Mephitic Cloud           Conj/Pois/Air  #.......     95%         3
 Blink                    Tloc           Unusable     N/A         2

Dungeon Overview and Level Annotations

Branches:
Dungeon (5/15)             Temple (1/1) D:4           Sewer (visited)

Altars:
Ashenzari
Cheibriados
Dithmenos
Elyvilon
Fedhas
Gozag
Hepliaklqana
Kikubaaqudgha
Makhleb
Nemelex Xobeh
Okawaru
Qazlal
Ru
Sif Muna
Trog
Uskayaw
Vehumet
Wu Jian
Yredelemnul
Zin
The Shining One


Innate Abilities, Weirdness & Mutations

You cannot be hasted, slowed, berserked, paralysed or teleported.
You can dig through walls and to a lower floor.
Your four strong arms can wield two-handed weapons with a shield.
You have a pair of large antennae on your head. (SInv)


Message History

The gnoll hits you from afar with a +0 halberd!
The adder zombie closely misses you.
You climb upwards.
There is a stone staircase leading down here.
You barely miss the ogre.
The ogre is lightly wounded.
The ogre barely misses you.
You barely miss the ogre.
The ogre is lightly wounded.
The ogre hits you with a +0 giant club!!
You puncture the ogre!
The ogre looks as sick as possible!
The ogre is severely wounded.
You barely miss the ogre.
The ogre is severely wounded.
The ogre hits you with a +0 giant club!!
* * * LOW HITPOINT WARNING * * *
You closely miss the ogre.
The ogre is almost dead.
The ogre hits you with a +0 giant club!
You die...

#.# #.##..# #........
#.###.##..##
#.....###
#.##.......#
##.##.##.
#.##.#####.# #.##.##.
#.##.#
#.######.##.##.
#....#
#[.............
####.#
#.#########.##.
#.#####..............
#...@...#########.##.
####.O............###
################


You could see an ogre (very poisoned).

Vanquished Creatures
  Eustachio (D:4)
  Edmund (D:5)
  A sky beast (D:5)
  Purgy (Sewer)
  An ogre (D:5)
  A howler monkey (D:4)
  An orc priest (D:4)
  2 hounds (D:4)
  A jelly (D:5)
  2 orc wizards (D:4)
  2 worker ants (D:4)
  Natasha (thrice) (D:2)
  A hound skeleton (D:4)
  6 gnolls
  A howler monkey skeleton (D:4)
  5 adders
  An ufetubus (D:3)
  2 oozes
  2 worms
  3 dart slugs
  3 leopard geckos
  2 orcs
  2 ball pythons (D:4)
  8 giant cockroaches
  9 goblins
  5 hobgoblins
  11 jackals
  16 kobolds
  2 quokkas
  10 bats
  3 frilled lizards
  5 rats (D:3)
114 creatures vanquished.

Notes
Turn   | Place    | Note
-------+----------+-------------------------------------------
     0 | Abyss:1  | PentaManta the Formicid Abyssal Knight began the quest for
                  | the Orb.
     0 | Abyss:1  | Reached XP level 1. HP: 18/18 MP: 2/2
    28 | Abyss:1  | Noticed an Executioner
    30 | D:1      | Escaped the Abyss
   171 | D:1      | Noticed an electric eel
   171 | D:1      | Noticed an electric eel
   422 | D:1      | Reached * piety under Lugonu
   506 | D:1      | Reached XP level 2. HP: 24/24 MP: 3/3
   944 | D:1      | Reached XP level 3. HP: 29/29 MP: 4/4
  1798 | D:2      | Noticed Natasha
  1806 | D:2      | Killed Natasha
  1806 | D:2      | Reached XP level 4. HP: 19/37 MP: 5/5
  2063 | D:2      | Noticed Natasha
  2071 | D:2      | Killed Natasha
  2157 | D:2      | Noticed Natasha
  2169 | D:2      | Killed Natasha
  2169 | D:2      | Reached XP level 5. HP: 22/42 MP: 6/6
  2592 | D:2      | Reached ** piety under Lugonu
  2615 | D:2      | Found a stormy altar of Qazlal.
  2771 | D:3      | Reached skill level 1 in Dodging
  3307 | D:3      | Found a glowing drain.
  3320 | D:3      | Reached XP level 6. HP: 48/49 MP: 7/7
  3336 | Sewer    | Entered a sewer
  3397 | Sewer    | Noticed Purgy
  3416 | Sewer    | Killed Purgy
  3853 | D:3      | Reached *** piety under Lugonu
  4099 | D:4      | Reached skill level 5 in Axes
  4280 | D:4      | Noticed Eustachio
  4288 | D:4      | Reached XP level 7. HP: 47/55 MP: 8/8
  4727 | D:4      | Reached skill level 5 in Fighting
  5013 | D:4      | Killed Eustachio
  5058 | D:4      | Found a staircase to the Ecumenical Temple.
  5067 | Temple   | Entered the Ecumenical Temple
  5540 | D:4      | Reached XP level 8. HP: 49/63 MP: 9/9
  5776 | D:4      | Reached skill level 5 in Armour
  5855 | D:5      | Entered Level 5 of the Dungeon
  5855 | D:5      | Noticed Edmund
  5893 | D:5      | Killed Edmund
  6376 | D:5      | Reached skill level 1 in Maces & Flails
  6387 | D:5      | HP: 3/64 [gnoll/+0 halberd (8)]
  6705 | D:4      | Slain by an ogre

Illustrated notes

Levels and vault maps discovered:
D:1:      arrival_aquarium_b, layout_basic, minmay_hexomino_c4
D:2:      layout_loops_cross, hangedman_abyss_or_decor_stabs,
          grunt_qazlal_clouds, uniq_natasha
D:3:      layout_rooms, gup_sewer_entry_glass
D:4:      layout_loops_ring, minmay_temple_entry_proselytizer, uniq_eustachio
D:5:      layout_basic, serial_shops, kennysheep_mini_moat, minmay_door_square,
          kennysheep_generic_room_8, uniq_edmund, uniq_sigmund
Temple:   dpeg_three_leaves_temple

Skill      XL: |  1  2  3  4  5  6  7  8 |
---------------+-------------------------+-----
Axes           | 3 4 5 6 |  6.5
Armour         | 3 4 5 |  5.5
Fighting       | 4 5 6 |  6.0
Dodging        | 1 |  1.6
Maces & Flails | 2 |  2.0
Invocations    | |  2.1

Action                   |  1- 3 |  4- 6 |  7- 9 || total
-------------------------+-------+-------+-------++-------
Melee: Hand axe          |    88 |   227 |   117 ||   432
       Dagger            |       |       |    18 ||    18
       Dire flail        |       |       |    30 ||    30
Throw: Javelin           |       |     3 |       ||     3
Invok: Depart the Abyss  |     1 |       |       ||     1
       Bend Space        |       |       |     2 ||     2
  Use: Scroll            |     3 |     3 |       ||     6
       Potion            |       |     4 |     2 ||     6
Armor: Leather armour    |     4 |       |       ||     4
       Ring mail         |    29 |       |       ||    29
       Scale mail        |     3 |   130 |    67 ||   200
Dodge: Dodged            |    46 |   191 |    98 ||   335

Table legend: (Time is in decaauts)
 A = Elapsed time spent in this place.
 B = Non-inter-level travel time spent in this place.
 C = Inter-level travel time spent in this place.
 D = Time resting spent in this place.
 E = Time spent auto-exploring this place.
 F = Levels seen in this place.
 G = Mean time per level.
                   A        B        C        D        E       F      G
               +--------+--------+--------+--------+--------+-----+--------+
         Total |   6756 |   6590 |    166 |   1601 |   3733 |   8 |  844.5 |
       Dungeon |   6313 |   6161 |    152 |   1416 |   3598 |   5 | 1262.6 |
        Temple |     80 |     66 |     14 |      0 |     65 |   1 |   80.0 |
         Abyss |     30 |     30 |      0 |      0 |      0 |   1 |   30.0 |
         Sewer |    332 |    332 |      0 |    185 |     70 |   1 |  332.0 |
               +--------+--------+--------+--------+--------+-----+--------+

Top non-repeatable levels by time:
     D:4: 1928 daAuts
     D:1: 1693 daAuts
     D:3: 1401 daAuts
     D:2: 1057 daAuts
   Sewer: 332 daAuts
     D:5: 232 daAuts
  Temple: 80 daAuts
 Abyss:1: 30 daAuts
